[Event "CZE-tht Extraliga 2018-19"]
[Site "Czech Republic"]
[Date "2019.02.09"]
[Round "7"]
[White "Sharashenidze, Akaki"]
[Black "Studnicka, Tomas"]
[Result "0-1"]
[ECO "C49"]
[WhiteElo "2367"]
[BlackElo "2315"]
[Annotator "NA"]
[PlyCount "98"]
[EventDate "2018.11.03"]
[EventType "team-tourn"]
[EventCountry "CZE"]
[SourceTitle "playchess.com"]
[Source "ChessBase"]
[SourceQuality "1"]
[WhiteTeam "Poruba"]
[BlackTeam "Turnov"]
[TimeControl "40/5400+30:1800+30"]

1. e4 e5 2. Nf3 Nf6 3. Nc3 Nc6 4. Bb5 Bb4 5. d3 d6 6. Bg5 h6 {[%emt 0:01:42] C49: Four Knights: 4 Bb5 Bb4} 7. Bh4 Bd7 (7... g5 8. Bg3 Bg4 9. h4 Nh5 10. hxg5 hxg5 11. Qd2 Bxf3 12. gxf3 Qf6 13. O-O-O O-O-O 14. a3 Bxc3 15. bxc3 Qxf3 16. Bxc6 bxc6 17. Qxg5 {0-1 (36) Legaspi,R (2315)-Iuldachev,S (2520) Kuala Lumpur 2008}) 8. a3 $146 ({Predecessor:} 8. O-O g5 9. Bg3 h5 10. h4 Bg4 11. Nd5 Nxd5 12. exd5 a6 13. Bxc6+ bxc6 14. c3 {½-½ (28) Pulpan,J (2102)-Gazik,I (2321) Litomysl 2014}) 8... Bxc3+ 9. bxc3 g5 10. Bg3 Ne7 11. Bxd7+ Qxd7 12. Nd2 Ng6 13. f3 h5 14. Qb1 b6 15. a4 a5 (15... h4 $5 16. Bf2 Nf4 $15) 16. d4 (16. h4 $11 {was the only way to keep the balance.}) 16... h4 17. Bf2 Nf4 18. Rg1 g4 19. Qb5 Qxb5 20. axb5 O-O-O 21. Be3 h3 $17 22. Bxf4 exf4 23. O-O-O g3 24. Nf1 Rdg8 25. Rd2 gxh2 26. Nxh2 Rh5 27. c4 Rhg5 28. Rh1 Rxg2 29. e5 dxe5 30. dxe5 Rg1+ 31. Rd1 Rxh1 32. Rxh1 Nh7 33. Nf1 Ng5 34. Rg1 Rg6 35. Nh2 Ne6 36. Ng4 Nd4 37. Rh1 Nxf3 38. Rxh3 Rxg4 39. Rxf3 Kd7 40. c5 Ke6 41. c6 Kxe5 42. Rd3 f5 43. Kd1 Rg1+ 44. Ke2 Rg2+ 45. Kd1 Ke4 46. Rd7 f3 47. Ke1 Rxc2 48. Rxc7 f2+ 49. Kf1 Kf3 0-1

[Event "CZE-tht Extraliga 2018-19"]
[Site "Czech Republic"]
[Date "2019.02.09"]
[Round "7"]
[White "Cech, Pavel"]
[Black "Bures, Jaroslav"]
[Result "1/2-1/2"]
[ECO "A45"]
[WhiteElo "2325"]
[BlackElo "2395"]
[Annotator "NA"]
[PlyCount "109"]
[EventDate "2018.11.03"]
[EventType "team-tourn"]
[EventCountry "CZE"]
[SourceTitle "playchess.com"]
[Source "ChessBase"]
[SourceQuality "1"]
[WhiteTeam "Turnov"]
[BlackTeam "Poruba"]
[TimeControl "40/5400+30:1800+30"]

1. d4 Nf6 2. Bg5 d5 3. e3 c5 4. c3 Qb6 5. Qc1 cxd4 6. exd4 h6 7. Bh4 Bf5 8. Be2 Nbd7 9. Nf3 e6 10. Nbd2 Bd6 11. O-O O-O 12. Re1 Qc7 13. Bg3 Bxg3 14. hxg3 Bh7 15. Bf1 a6 16. a4 Rfe8 17. Nb3 Ne4 18. Qf4 Qb6 19. Ra3 f6 20. a5 Qc6 $11 21. Nbd2 e5 22. Qh4 Nd6 23. dxe5 fxe5 24. g4 Nf7 25. Qg3 Qf6 26. Rb3 Rab8 27. Rb4 Qd8 28. Nb3 Bc2 29. Na1 Be4 30. Nb3 b5 31. axb6 Rxb6 32. Ra1 Rxb4 33. cxb4 Qb6 34. Nbd2 Qxb4 35. g5 Bxf3 36. Nxf3 a5 37. gxh6 Nxh6 38. Qg6 Nf6 39. Ng5 Qb6 40. Ra3 Rb8 41. Rh3 Nfg4 42. Qh7+ Kf8 43. Rf3+ Nf6 44. Rxf6+ Qxf6 45. Qh8+ Ke7 46. Qxb8 Qxg5 47. Qc7+ Kf8 48. Qd6+ Qe7 49. Qxd5 Qc7 50. Bc4 g6 51. g3 Kg7 52. Kg2 Nf5 53. Qg8+ Kf6 54. Bd5 Kg5 55. Be4 1/2-1/2

[Event "CZE-tht Extraliga 2018-19"]
[Site "Czech Republic"]
[Date "2019.02.09"]
[Round "7.2"]
[White "Velicka, Petr"]
[Black "Hracek, Zbynek"]
[Result "0-1"]
[ECO "C50"]
[WhiteElo "2434"]
[BlackElo "2568"]
[Annotator "ChessBase"]
[PlyCount "102"]
[EventDate "2018.11.03"]
[EventType "team-tourn"]
[EventCountry "CZE"]
[SourceTitle "playchess.com"]
[Source "ChessBase"]
[SourceQuality "1"]
[WhiteTeam "Ostrava"]
[BlackTeam "Pardubice"]
[TimeControl "40/5400+30:1800+30"]

1. e4 e5 2. Nf3 Nc6 3. Bc4 Bc5 4. O-O Nf6 5. d3 d6 6. c3 a6 7. Bb3 Ba7 8. h3 h6 9. Re1 g5 10. Nh2 Rg8 11. Ng4 Bxg4 12. hxg4 Qd7 13. Qf3 Nxg4 14. Re2 Rf8 15. Nd2 O-O-O 16. Nf1 f5 17. exf5 Nxf2 18. Be6 Qxe6 19. fxe6 Rxf3 20. gxf3 Nxd3+ 21. Be3 Re8 22. Bxa7 Nxa7 23. Rh2 Rxe6 24. Ne3 Nf4 25. Kh1 Nc6 26. Nf5 h5 27. Ng7 Rh6 28. Rg1 Ne7 29. Rxg5 h4 30. Nf5 Nxf5 31. Rxf5 b5 32. Rg5 Kb7 33. Rd2 a5 34. a3 a4 35. Kh2 Rf6 36. Rg4 h3 37. Rg7 Kb6 38. Rc2 d5 39. Rg5 Nd3 40. Rg3 Ne1 41. Rf2 e4 42. f4 Nd3 43. Rxd3 exd3 44. Kxh3 d2 45. Rxd2 Rxf4 46. Kg3 Rf5 47. Kg2 Kc5 48. Rd4 Re5 49. b4+ axb3 50. Rb4 Re4 51. Rxb3 Ra4 0-1

[Event "CZE-tht Extraliga 2018-19"]
[Site "Czech Republic"]
[Date "2019.02.09"]
[Round "7.2"]
[White "Vavra, Pavel"]
[Black "Stohl, Igor"]
[Result "1-0"]
[ECO "A45"]
[WhiteElo "2348"]
[BlackElo "2488"]
[Annotator "ChessBase"]
[PlyCount "119"]
[EventDate "2018.11.03"]
[EventType "team-tourn"]
[EventCountry "CZE"]
[SourceTitle "playchess.com"]
[Source "ChessBase"]
[SourceQuality "1"]
[WhiteTeam "Siesta B"]
[BlackTeam "Brno"]
[TimeControl "40/5400+30:1800+30"]

1. d4 Nf6 2. Bg5 Ne4 3. Bf4 d5 4. e3 c5 5. Bd3 Nf6 6. c3 Nc6 7. Nd2 Bg4 8. Ngf3 e6 9. h3 Bh5 10. Bb5 Nd7 11. Qa4 Qc8 12. g4 Bg6 13. Nh4 a6 14. Bf1 Be7 15. Nxg6 hxg6 16. Bg2 b5 17. Qd1 cxd4 18. exd4 Qd8 19. O-O Nb6 20. Qe2 O-O 21. Bg3 b4 22. Qd3 Bd6 23. Bxd6 Qxd6 24. f4 bxc3 25. bxc3 Ne7 26. a4 Rfc8 27. Qe3 Nc4 28. Nxc4 Rxc4 29. Rfc1 Rac8 30. Bf1 R4c6 31. a5 Rb8 32. Rab1 Rxb1 33. Rxb1 Qc7 34. Qe5 Rxc3 35. Qxc7 Rxc7 36. Bxa6 Ra7 37. Rb8+ Kh7 38. Rb6 Ra8 39. Kf2 Nc8 40. Rc6 Ne7 41. Rb6 Ng8 42. g5 Ne7 43. Ke2 Nf5 44. Kd3 Ng3 45. Kc3 Nh5 46. Kb4 Nxf4 47. Bf1 e5 48. dxe5 d4 49. Rd6 Rb8+ 50. Bb5 Nd3+ 51. Kc4 Nxe5+ 52. Kc5 Nf3 53. Rd5 f6 54. gxf6 gxf6 55. a6 Ng5 56. Rd7+ Kh6 57. a7 Ra8 58. Bc6 Rxa7 59. Rxa7 Nxh3 60. Kxd4 1-0

[Event "CZE-tht Extraliga 2018-19"]
[Site "Czech Republic"]
[Date "2019.02.09"]
[Round "7.3"]
[White "Polak, Tomas"]
[Black "Jurcik, Martin"]
[Result "1/2-1/2"]
[ECO "D31"]
[WhiteElo "2510"]
[BlackElo "2346"]
[Annotator "ChessBase"]
[PlyCount "81"]
[EventDate "2018.11.03"]
[EventType "team-tourn"]
[EventCountry "CZE"]
[SourceTitle "playchess.com"]
[Source "ChessBase"]
[SourceQuality "1"]
[WhiteTeam "Brno"]
[BlackTeam "Siesta B"]
[TimeControl "40/5400+30:1800+30"]

1. d4 d5 2. c4 e6 3. Nc3 dxc4 4. e4 c5 5. d5 Nf6 6. Bxc4 exd5 7. Nxd5 Nxd5 8. Bxd5 Be7 9. Qb3 O-O 10. Nf3 Nd7 11. O-O Nb6 12. Rd1 Nxd5 13. exd5 Bd6 14. Bg5 Qc7 15. h3 h6 16. Be3 b6 17. Rac1 Qd7 18. Nd2 Re8 19. a4 Ba6 20. Nc4 Re4 21. a5 Rb8 22. axb6 axb6 23. Qa2 Bb5 24. b3 Qc7 25. Qc2 Rbe8 26. Ra1 Qd8 27. Ra8 Rxc4 28. Qxc4 Bxc4 29. Rxd8 Rxd8 30. bxc4 Ra8 31. Kf1 Ra4 32. Rc1 Kf8 33. Ke2 Ke7 34. Kd3 Kd7 35. g4 Kc7 36. Rb1 Ra3+ 37. Kc2 Ra4 38. Kc3 Ra3+ 39. Kc2 Ra4 40. Kc3 Ra3+ 41. Kc2 1/2-1/2

[Event "CZE-tht Extraliga 2018-19"]
[Site "Czech Republic"]
[Date "2019.02.09"]
[Round "7.3"]
[White "Blahynka, Martin"]
[Black "Landa, Konstantin"]
[Result "0-1"]
[ECO "B18"]
[WhiteElo "2426"]
[BlackElo "2616"]
[Annotator "ChessBase"]
[PlyCount "84"]
[EventDate "2018.11.03"]
[EventType "team-tourn"]
[EventCountry "CZE"]
[SourceTitle "playchess.com"]
[Source "ChessBase"]
[SourceQuality "1"]
[WhiteTeam "Duras"]
[BlackTeam "Lysa nad Labem"]
[TimeControl "40/5400+30:1800+30"]

1. e4 c6 2. d4 d5 3. Nc3 dxe4 4. Nxe4 Bf5 5. Ng3 Bg6 6. Nh3 Nd7 7. Nf4 Qc7 8. Bc4 e6 9. O-O Ngf6 10. Bxe6 fxe6 11. Nxe6 Qd6 12. Re1 Kf7 13. Bf4 Qb4 14. Nc7 Rc8 15. Qe2 Kg8 16. c3 Qb6 17. Ne6 Re8 18. Bc7 Qa6 19. Qxa6 bxa6 20. f4 Nd5 21. f5 Bf7 22. Nxf8 Rxf8 23. Bd6 Rd8 24. Ne4 h6 25. Kf2 Kh7 26. g4 N7f6 27. Nxf6+ Nxf6 28. Be7 Rd7 29. h3 Re8 30. Bxf6 Rxe1 31. Rxe1 gxf6 32. a3 a5 33. Re2 Kg7 34. Kf3 Bd5+ 35. Kf4 Kf7 36. Kg3 Re7 37. Rf2 Re3+ 38. Kh4 a4 39. Rh2 Bc4 40. Kh5 Kg7 41. Kh4 Bf7 42. Rg2 Kf8 0-1

[Event "CZE-tht Extraliga 2018-19"]
[Site "Czech Republic"]
[Date "2019.02.09"]
[Round "7.4"]
[White "Plat, Vojtech"]
[Black "Blohberger, Felix"]
[Result "1/2-1/2"]
[ECO "E32"]
[WhiteElo "2533"]
[BlackElo "2451"]
[Annotator "ChessBase"]
[PlyCount "39"]
[EventDate "2018.11.03"]
[EventType "team-tourn"]
[EventCountry "CZE"]
[SourceTitle "playchess.com"]
[Source "ChessBase"]
[SourceQuality "1"]
[WhiteTeam "Lysa nad Labem"]
[BlackTeam "Duras"]
[TimeControl "40/5400+30:1800+30"]

1. d4 Nf6 2. c4 e6 3. Nc3 Bb4 4. Qc2 O-O 5. Nf3 d6 6. Bg5 h6 7. Bd2 Nc6 8. a3 Bxc3 9. Bxc3 Re8 10. b4 e5 11. dxe5 Nxe5 12. Nxe5 dxe5 13. e4 c5 14. Be2 Qc7 15. O-O Be6 16. Qb2 Nd7 17. Rfd1 f6 18. Qd2 Nb6 19. bxc5 Nxc4 20. Bxc4 1/2-1/2

[Event "CZE-tht Extraliga 2018-19"]
[Site "Czech Republic"]
[Date "2019.02.09"]
[Round "7.4"]
[White "Slovak, Kilian"]
[Black "Nayhebaver, Martin"]
[Result "0-1"]
[ECO "B96"]
[WhiteElo "2257"]
[BlackElo "2462"]
[Annotator "ChessBase"]
[PlyCount "72"]
[EventDate "2018.11.03"]
[EventType "team-tourn"]
[EventCountry "CZE"]
[SourceTitle "playchess.com"]
[Source "ChessBase"]
[SourceQuality "1"]
[WhiteTeam "Siesta B"]
[BlackTeam "Brno"]
[TimeControl "40/5400+30:1800+30"]

1. e4 c5 2. Nf3 d6 3. d4 cxd4 4. Nxd4 Nf6 5. Nc3 a6 6. Bg5 e6 7. f4 h6 8. Bh4 Qb6 9. Qd2 Qxb2 10. Rb1 Qa3 11. e5 dxe5 12. fxe5 Nfd7 13. Ne4 Qxa2 14. Rd1 Qd5 15. Qe3 Qxe5 16. Be2 Bc5 17. Bg3 Qd5 18. c4 Bxd4 19. Rxd4 Qa5+ 20. Rd2 O-O 21. Bd6 f5 22. Bxf8 Nxf8 23. Nd6 Nbd7 24. Bf3 Rb8 25. Kf2 Ne5 26. c5 Bd7 27. Re2 Nfg6 28. Rd1 Qc7 29. Qd4 Nxf3 30. gxf3 b6 31. Nc4 Bb5 32. Rxe6 Qxh2+ 33. Ke3 bxc5 34. Qd5 Qf4+ 35. Kd3 Qxc4+ 36. Qxc4 Nf4+ {[%emt 0:00:05] Kd4} 0-1

[Event "CZE-tht Extraliga 2018-19"]
[Site "Czech Republic"]
[Date "2019.02.09"]
[Round "7.5"]
[White "Mrazek, Lumir"]
[Black "Krejci, Jan"]
[Result "1/2-1/2"]
[ECO "C55"]
[WhiteElo "2365"]
[BlackElo "2558"]
[Annotator "ChessBase"]
[PlyCount "81"]
[EventDate "2018.11.03"]
[EventType "team-tourn"]
[EventCountry "CZE"]
[SourceTitle "playchess.com"]
[Source "ChessBase"]
[SourceQuality "1"]
[WhiteTeam "Cesky Tesin"]
[BlackTeam "Novoborsky"]
[TimeControl "40/5400+30:1800+30"]

1. e4 e5 2. Nf3 Nc6 3. Bc4 Nf6 4. O-O Nxe4 5. Nc3 Be7 6. Nxe4 d5 7. Bb5 dxe4 8. Nxe5 Qd5 9. Nxc6 bxc6 10. Be2 Bf5 11. d3 exd3 12. Bxd3 Bxd3 13. Qxd3 Qxd3 14. cxd3 O-O-O 15. Rd1 Bf6 16. Rb1 Rd5 17. Kf1 Kd7 18. b3 Ra5 19. Rd2 Re8 20. Rc2 Bd4 21. Bd2 Rd5 22. Re1 Rxe1+ 23. Kxe1 Re5+ 24. Kf1 Rf5 25. Bc1 Kd6 26. Bb2 Bxb2 27. Rxb2 Rc5 28. Ke2 Rc1 29. h4 Kd5 30. Kd2 Ra1 31. Rc2 c5 32. g3 f6 33. Ke3 h5 34. Ke2 a5 35. Kd2 Rb1 36. Ke3 Ra1 37. Kd2 g5 38. Ke3 Re1+ 39. Kd2 Rb1 40. Ke3 Ra1 41. Kd2 1/2-1/2

[Event "CZE-tht Extraliga 2018-19"]
[Site "Czech Republic"]
[Date "2019.02.09"]
[Round "7.5"]
[White "Blatny, Pavel"]
[Black "Parizek, Vojtech"]
[Result "1-0"]
[ECO "A00"]
[WhiteElo "2337"]
[BlackElo "2333"]
[Annotator "NA"]
[PlyCount "79"]
[EventDate "2018.11.03"]
[EventType "team-tourn"]
[EventCountry "CZE"]
[SourceTitle "playchess.com"]
[Source "ChessBase"]
[SourceQuality "1"]
[WhiteTeam "Brno"]
[BlackTeam "Siesta B"]
[TimeControl "40/5400+30:1800+30"]

1. e3 e5 2. b3 Nf6 3. Bb2 Nc6 4. Ne2 d5 5. d3 Bd6 6. h3 h5 7. g3 Be6 8. Bg2 Ne7 9. a3 Qd7 10. c4 c6 11. Qc2 b5 12. c5 Bc7 13. Nd2 a5 14. Nf3 Ng6 15. Ng5 Qe7 16. Nxe6 Qxe6 17. O-O-O Nd7 18. e4 d4 19. f4 Qe7 20. fxe5 Bxe5 21. Nxd4 Qxc5 22. Nf5 Bxb2+ 23. Kxb2 Qxc2+ 24. Kxc2 O-O 25. d4 c5 26. dxc5 Nxc5 27. Rd5 Rac8 28. Kb2 Rc6 29. Rhd1 Rfc8 30. R1d2 a4 31. b4 Nb3 32. Rd8+ Rxd8 33. Rxd8+ Kh7 34. Bf1 Re6 35. Bxb5 Rxe4 36. Bxa4 Na5 37. Bc2 Nc6 38. Rd6 Re6 39. Rxe6 fxe6 40. Nh4 1-0

[Event "CZE-tht Extraliga 2018-19"]
[Site "Czech Republic"]
[Date "2019.02.09"]
[Round "7.6"]
[White "Babula, Vlastimil"]
[Black "Wiewiora, Eneasz"]
[Result "1-0"]
[ECO "D36"]
[WhiteElo "2549"]
[BlackElo "2354"]
[Annotator "ChessBase"]
[PlyCount "69"]
[EventDate "2018.11.03"]
[EventType "team-tourn"]
[EventCountry "CZE"]
[SourceTitle "playchess.com"]
[Source "ChessBase"]
[SourceQuality "1"]
[WhiteTeam "Novoborsky"]
[BlackTeam "Cesky Tesin"]
[TimeControl "40/5400+30:1800+30"]

1. d4 d5 2. c4 e6 3. Nc3 Nf6 4. cxd5 exd5 5. Bg5 Be7 6. e3 c6 7. Bd3 Nbd7 8. Qc2 Nf8 9. Nge2 g6 10. f3 Ne6 11. Bh4 O-O 12. O-O b6 13. Rad1 Bb7 14. Kh1 Nh5 15. Bf2 Bh4 16. Bg1 f5 17. b4 Rc8 18. Qb3 Kh8 19. Bb1 Qd7 20. b5 Nhg7 21. bxc6 Bxc6 22. e4 Nc7 23. Nf4 fxe4 24. fxe4 dxe4 25. d5 Bb5 26. Nxb5 Nxb5 27. Ne6 Rxf1 28. Rxf1 Nf5 29. Bxe4 Nfd6 30. Bb1 Kg8 31. Qh3 Qe7 32. Qg4 Rc4 33. Bd4 Nxd4 34. Qxh4 g5 35. Qxg5+ 1-0

[Event "CZE-tht Extraliga 2018-19"]
[Site "Czech Republic"]
[Date "2019.02.09"]
[Round "7.6"]
[White "Kislinsky, Alexey"]
[Black "Cerveny, Martin"]
[Result "1-0"]
[ECO "B50"]
[WhiteElo "2426"]
[BlackElo "2343"]
[Annotator "NA RC"]
[PlyCount "107"]
[EventDate "2018.11.03"]
[EventType "team-tourn"]
[EventCountry "CZE"]
[SourceTitle "playchess.com"]
[Source "ChessBase"]
[SourceQuality "1"]
[WhiteTeam "Lysa nad Labem"]
[BlackTeam "Duras"]
[TimeControl "40/5400+30:1800+30"]

1. e4 c5 2. Nf3 d6 3. c3 Nf6 4. h3 Nbd7 5. Bd3 b6 6. O-O {[%emt 0:01:19] B50: Sicilian: 2...d6, Miscellaneous} Bb7 7. Re1 Qc7 8. Bc2 Rc8 9. d3 g6 10. Bf4 (10. a4 Bg7 11. Na3 O-O 12. Bg5 e5 13. Qd2 d5 {0-1 (35) Bauer,C (2623)-Korobov,A (2700) Berlin 2015}) 10... Bg7 11. Nbd2 e5 12. Bg5 $146 ({Predecessor:} 12. Bh2 O-O 13. Bb3 h6 {1-0 (44) Piscopo,P (2415)-Vocaturo,D (2507) Bratto 2009}) 12... O-O 13. Nf1 h6 14. Bd2 Rfe8 15. Qc1 Kh7 16. Ne3 d5 17. Ng4 Nxg4 18. hxg4 c4 19. g5 $2 (19. exd5 $15 cxd3 20. Bxd3) 19... dxe4 20. dxe4 hxg5 21. Nxg5+ Kg8 22. Qd1 Rcd8 23. b4 a6 24. Qe2 Nf8 25. Be3 Bc8 26. a4 f6 27. Nf3 Bg4 28. a5 b5 29. Bb6 Qc8 30. Bxd8 Rxd8 31. Rad1 Re8 32. Qe3 Ne6 33. Rd6 Bf8 34. Rb6 Be7 35. Nh2 Nf4 36. g3 Nh3+ 37. Kg2 Kg7 38. Nxg4 Qxg4 39. Bd1 Qc8 40. Rh1 $18 Rh8 41. Qf3 Ng5 42. Rxh8 Qxh8 43. Qg4 Qa8 44. Qd7 Kf7 45. Rb7 Qe8 46. Qxe8+ Kxe8 47. Bc2 Ne6 48. Ra7 Bd8 49. Rxa6 Kd7 50. Bd1 f5 51. Bf3 Ng5 52. Rxg6 fxe4 53. Bg4+ Kc7 54. Rg7+ 1-0

[Event "CZE-tht Extraliga 2018-19"]
[Site "Czech Republic"]
[Date "2019.02.09"]
[Round "7.6"]
[White "Vrbata, Zbynek"]
[Black "Obsivac, Josef"]
[Result "1/2-1/2"]
[ECO "E81"]
[WhiteElo "2344"]
[BlackElo "2282"]
[Annotator "NA"]
[PlyCount "31"]
[EventDate "2018.11.03"]
[EventType "team-tourn"]
[EventCountry "CZE"]
[SourceTitle "playchess.com"]
[Source "ChessBase"]
[SourceQuality "1"]
[WhiteTeam "Siesta B"]
[BlackTeam "Brno"]
[TimeControl "40/5400+30:1800+30"]

1. d4 Nf6 2. c4 g6 3. f3 Bg7 4. e4 d6 5. Nc3 O-O 6. Be3 c5 7. Nge2 Nc6 8. d5 Ne5 9. Ng3 h5 10. Be2 h4 11. Nf1 Re8 12. Nd2 a6 13. a4 h3 14. g3 e6 15. O-O exd5 16. cxd5 1/2-1/2

[Event "CZE-tht Extraliga 2018-19"]
[Site "Czech Republic"]
[Date "2019.02.09"]
[Round "7.6"]
[White "Simek, Petr (86)"]
[Black "Szotkowski, Jakub"]
[Result "0-1"]
[ECO "A40"]
[WhiteElo "2319"]
[BlackElo "2345"]
[Annotator "NA"]
[PlyCount "96"]
[EventDate "2018.11.03"]
[EventType "team-tourn"]
[EventCountry "CZE"]
[SourceTitle "playchess.com"]
[Source "ChessBase"]
[SourceQuality "1"]
[WhiteTeam "Siesta"]
[BlackTeam "Beskydska"]
[TimeControl "40/5400+30:1800+30"]

1. d4 Nf6 2. c4 e6 3. g3 c5 4. d5 exd5 5. cxd5 d6 6. Nc3 g6 7. Bg2 Bg7 8. Nf3 O-O 9. O-O a6 10. a4 Re8 11. Bf4 Ne4 12. Nxe4 Rxe4 13. Nd2 Rxf4 14. gxf4 Bxb2 15. Rb1 Bg7 16. Nc4 b5 17. axb5 axb5 18. Rxb5 Ba6 (18... Bf8 $142 19. Qd2 Nd7) 19. Qa4 Bc3 20. Rb3 (20. Rc1 $142 Bb4 21. Rb6) 20... Bb4 $2 (20... Bxc4 {keeps fighting.} 21. Qxc4 Bg7) 21. Re3 Nd7 22. Qc2 $2 (22. Nxd6 $18 Bxe2 23. Qc6) 22... Qf6 23. Qe4 Kg7 24. Bh3 ({White should play} 24. Rb3 $16) 24... Bxc4 $1 25. Bxd7 Ba2 26. Bb5 (26. f5 $14) 26... Bc3 27. Rf3 Rb8 28. Bc6 ({White should try} 28. Qd3 $1 $14) 28... Rb4 29. Qc2 Bb2 30. Kg2 c4 31. f5 g5 32. Rg3 c3 33. f4 $1 h6 34. h4 g4 35. Rxg4+ Kh7 36. Qd3 Bb3 37. Kh2 c2 38. Qe3 {[%emt 0:07:06] [#]} Qxf5 (38... Rb8 $1 $17) 39. Qg3 Re4 ({Avoid the trap} 39... Bxd5 $2 40. Rg1 $18) 40. e3 {[%emt 0:01:07] [#]} Rxe3 $1 41. Rg7+ (41. Qxe3 $17 {was the only defense.} Qxg4 42. Qxb3 Qxh4+ 43. Kg2 Qg4+ 44. Qg3 Qe2+ 45. Qf2) 41... Bxg7 42. Qxe3 {[%emt 0:00:02] [#]} Bc4 $1 ({Inferior is} 42... Bxd5 43. Bxd5 Qxd5 44. Rc1 $16) 43. Rg1 $19 Bb2 44. Bd7 Qxd5 45. Qe8 Bg7 46. Qc8 Qd2+ 47. Kh3 Qe3+ 48. Rg3 Be6+ 0-1

[Event "CZE-tht Extraliga 2018-19"]
[Site "Czech Republic"]
[Date "2019.02.09"]
[Round "7.6"]
[White "Richterova, Natasa"]
[Black "Neuman, Petr"]
[Result "1/2-1/2"]
[ECO "B51"]
[WhiteElo "2216"]
[BlackElo "2404"]
[Annotator "NA"]
[PlyCount "137"]
[EventDate "2018.11.03"]
[EventType "team-tourn"]
[EventCountry "CZE"]
[SourceTitle "playchess.com"]
[Source "ChessBase"]
[SourceQuality "1"]
[WhiteTeam "Ostrava"]
[BlackTeam "Pardubice"]
[TimeControl "40/5400+30:1800+30"]

1. e4 c5 2. Nf3 d6 3. Bb5+ Nd7 4. O-O a6 5. Bxd7+ Bxd7 6. d4 cxd4 7. Nxd4 Nf6 8. Qd3 e5 9. Nb3 Rc8 10. Nc3 h6 11. a4 Be7 12. a5 Be6 13. Rd1 O-O 14. Be3 Qc7 15. Nd2 Qc6 16. f3 d5 17. exd5 Bxd5 18. Bf2 Be6 19. Qe2 Bb4 20. Qxe5 Bxc3 21. bxc3 Nd7 22. Qg3 Qxc3 23. Nb3 Qc4 24. Nd4 Nc5 25. Be3 Kh7 26. Qe1 Rfe8 27. Rab1 Bd7 28. Qd2 Re7 29. Bf2 Be8 30. h3 f6 31. Rb4 Qd5 32. c4 Qd7 33. Nc2 Qxd2 34. Rxd2 Bg6 35. Ne1 Bf7 36. Nc2 Rcc7 37. Bg3 Rcd7 38. Bd6 Re6 39. Bf4 Rxd2 40. Bxd2 Re2 41. Be3 Nd3 42. Rxb7 Bg6 43. Bd4 Rxc2 44. Bxf6 h5 45. Rxg7+ Kh6 46. h4 Nf4 47. Ra7 Ne6 48. Rxa6 Bf5 49. Rc6 Kg6 50. Be5 Kf7 51. a6 Ra2 52. Kh2 Bd3 53. Kg1 Ra4 54. Rb6 Bxc4 55. Rb7+ Kg6 56. a7 Bd5 57. Rd7 Ba8 58. Bg3 Ra1+ 59. Kh2 Ra2 60. Kg1 Kf6 61. Rh7 Kg6 62. Rd7 Ra4 63. Bf2 Ra1+ 64. Kh2 Ra2 65. Kg3 Kf6 66. Rh7 Kg6 67. Rd7 Kf6 68. Rh7 Kg6 69. Rd7 1/2-1/2

[Event "CZE-tht Extraliga 2018-19"]
[Site "Czech Republic"]
[Date "2019.02.09"]
[Round "7.7"]
[White "Petr, Martin"]
[Black "Krajina, Ales"]
[Result "1-0"]
[ECO "B02"]
[WhiteElo "2447"]
[BlackElo "2118"]
[Annotator "NA"]
[PlyCount "111"]
[EventDate "2018.11.03"]
[EventType "team-tourn"]
[EventCountry "CZE"]
[SourceTitle "playchess.com"]
[Source "ChessBase"]
[SourceQuality "1"]
[WhiteTeam "Pardubice"]
[BlackTeam "Ostrava"]
[TimeControl "40/5400+30:1800+30"]

1. e4 Nf6 2. e5 Ng8 3. d4 d5 4. Nf3 (4. Bd3 c5 5. c3 Nc6 6. Ne2 e6 7. Nd2 Nge7 8. O-O Nf5 9. Nf3 Be7 10. Re1 cxd4 11. Bxf5 exf5 12. Nexd4 Be6 13. Qd3 Qd7 14. Bg5 Bc5 15. Rad1 {1-0 (67) Nunn,J (2600)-Sanders,I (2341) London 2016}) 4... Bg4 5. Be2 e6 6. Be3 {[%emt 0:01:07] B02: Alekhine's Defence: Chase Variation and lines with early Nc3} Ne7 $146 ({Predecessor:} 6... Nd7 7. c4 Bb4+ 8. Nc3 Ne7 9. Ng5 Bxe2 10. Qxe2 dxc4 11. Qh5 g6 {½-½ (40) Brkic,Z (2083)-Prentic,I (2044) Belgrade 2017}) 7. h3 Bxf3 8. Bxf3 Nf5 9. O-O c5 10. c4 cxd4 11. Bf4 Nc6 12. cxd5 exd5 13. Nd2 Bb4 14. Nb3 O-O 15. Bg4 Nfe7 16. Nxd4 Ng6 17. Nxc6 bxc6 18. Bg3 Qb6 19. Qc2 Rad8 20. Rac1 Rfe8 21. Bf5 Bf8 22. Rfe1 c5 23. h4 c4 24. h5 Bb4 25. hxg6 hxg6 26. Bg4 Bxe1 27. Rxe1 Qa5 28. Ra1 Rb8 29. Bd7 Re7 30. e6 Rd8 31. Bh4 Rdxd7 32. exd7 Rxd7 33. Bg5 d4 34. Bd2 Qd5 35. Re1 Rb7 $18 36. Re8+ Kh7 37. Bc1 Rb6 38. Qe4 Qxe4 39. Rxe4 c3 40. bxc3 Rb1 41. Re1 dxc3 42. Kf1 Ra1 43. a3 f5 44. Ke2 Ra2+ 45. Ke3 f4+ 46. Kf3 g5 47. Rf1 Kg6 48. Ke4 Kh5 49. Kd3 Kg4 50. Kxc3 Re2 51. Bd2 a6 52. a4 f3 53. gxf3+ Kxf3 54. Be3 Kg2 55. Rd1 g4 56. Rd7 1-0

[Event "CZE-tht Extraliga 2018-19"]
[Site "Czech Republic"]
[Date "2019.02.09"]
[Round "7.7"]
[White "Jasny, Stanislav"]
[Black "Kovar, Vojtech"]
[Result "1/2-1/2"]
[ECO "D56"]
[WhiteElo "2361"]
[BlackElo "2237"]
[Annotator "NA"]
[PlyCount "114"]
[EventDate "2018.11.03"]
[EventType "team-tourn"]
[EventCountry "CZE"]
[SourceTitle "playchess.com"]
[Source "ChessBase"]
[SourceQuality "1"]
[WhiteTeam "Beskydska"]
[BlackTeam "Siesta"]
[TimeControl "40/5400+30:1800+30"]

1. d4 d5 2. c4 e6 3. Nc3 Nf6 4. Bg5 Be7 5. e3 h6 6. Bh4 O-O 7. Nf3 Nbd7 8. Qc2 c5 9. Rd1 Qa5 10. Be2 {[%emt 0:21:08] D61: Queen's Gambit Declined: Classical: 7 Qc2} (10. cxd5 Nxd5 11. Bxe7 Nxe7 12. Be2 Nf6 13. O-O cxd4 14. Rxd4 Nc6 15. Rd2 Bd7 16. Rfd1 Rfd8 17. Qb3 Rab8 {½-½ (49) So,W (2770)-Kramnik,V (2812) Leuven 2016}) 10... cxd4 $146 ({Predecessor:} 10... dxc4 11. Bxc4 a6 12. O-O b5 13. Bd3 cxd4 14. Nxd4 {½-½ (14) Moradiabadi,E (2528)-Arun Prasad,S (2490) Las Vegas 2017}) 11. Nxd4 Bb4 12. O-O Bxc3 13. bxc3 dxc4 14. Bxc4 Ne5 15. Bb3 Nd5 {[%emt 0:04:23] [#]} 16. Bg3 ({White should try} 16. c4 $1 $16 Nb4 17. Qe2) 16... Nb6 17. c4 Bd7 18. c5 Rfc8 {[%emt 0:00:16] [#]} 19. Qe4 ({But not} 19. Bxe5 $6 Rxc5 {[%mdl 64] Double Attack} 20. Qe4 Rxe5 $11) (19. Rc1 $1 $16 Nc6 20. Qe4) 19... Rxc5 20. Qxb7 Rac8 {[%emt 0:09:13] [#]} 21. Bxe5 (21. Nf5 $1 $16 exf5 22. Bxe5 Rxe5 23. Rxd7 Nxd7 24. Qxc8+ Nf8 25. Qb7) 21... Rxe5 22. Rc1 Rec5 23. Rxc5 Rxc5 24. h3 Rc8 25. Rd1 Ba4 26. Nf3 Bc6 27. Qe7 Bxf3 28. gxf3 Qg5+ 29. Qxg5 hxg5 30. Rd4 Kf8 31. h4 gxh4 32. Rxh4 Rc5 33. Rh8+ Ke7 34. Rb8 Kd7 35. Rf8 Ke7 36. Rg8 g6 37. Kg2 Rc8 38. Rxc8 Nxc8 39. f4 Kd6 40. Kf3 f5 41. Ke2 $11 Ne7 42. Kd3 e5 43. fxe5+ Kxe5 44. f4+ Kf6 45. Kd4 g5 46. fxg5+ Kxg5 47. Ke5 Ng6+ 48. Kd6 f4 49. exf4+ Kxf4 50. Kc6 Ke5 51. a4 a5 52. Kb6 Kd6 53. Kxa5 Kc5 54. Bd1 Ne5 55. Ka6 Kb4 56. Kb6 Nc4+ 57. Ka6 Nb2 1/2-1/2